Map: Nightshade LE

Players

BuffProtoss - Winner!

  • Race: Terran Terran
  • League: Master
  • Spawn Location: 5:00

RuFF

  • Race: Terran Terran
  • League: Master
  • Spawn Location: 11:00

VOD

Have the link to the VOD?

Description

Time

  • Played on: Dec. 15, 2019, 12:30 p.m.
  • Length: 11:42
Show
View Real Time Build Order
Export as new Build Order

BuffProtoss Terran - Winner!

Build Orders: Gas First Reaper Expand 

Get SALT Encoding   

  12  0:00  SCV  
  13  0:12  SCV  
  14  0:16  Supply Depot  
  14  0:25  SCV  
  14  0:27  Refinery  
  15  0:38  SCV  
  16  0:43  Barracks  
  16  0:50  SCV  
  17  1:02  SCV  
  18  1:14  SCV  
  19  1:30  Reaper, Orbital Command  
  20  1:46  Command Center  
  20  1:56  SCV  
  20  2:01  Factory  
  21  2:04  Barracks Reactor  
  21  2:08  SCV  
  22  2:16  Supply Depot  
  22  2:20  Refinery, SCV  
  23  2:38  SCV  
  23  2:41  Marine x2  
  26  2:45  Starport  
  26  2:49  Factory Tech Lab  
  26  2:50  SCV  
  27  3:03  Marine x2  
  27  3:04  Orbital Command  
  28  3:11  SCV  
  29  3:13  Siege Tank  
  32  3:21  Marine x2  
  32  3:23  SCV  
  35  3:30  Medivac  
  35  3:31  Refinery  
  35  3:33  SCV  
  38  3:35  SCV  
  38  3:39  Marine x2  
  41  3:45  SCV  
  41  3:48  Supply Depot  
  42  3:53  Siege Tank  
  42  3:54  SCV  
  46  4:06  Supply Depot, Starport Tech Lab  
  46  4:09  Marine x2, SCV x2  
  50  4:14  Supply Depot  
  50  4:21  SCV x2  
  52  4:27  Marine x2  
  52  4:30  Raven  
  56  4:34  SCV x2  
  56  4:35  Supply Depot  
  58  4:40  Siege Tank  
  58  4:43  Supply Depot  
  61  4:46  SCV x2  
  61  4:49  Marine x2  
  64  5:01  SCV  
  64  5:03  SCV  
  66  5:14  Command Center, Marine x2, Raven  
  62  5:15  SCV x2  
  62  5:18  Refinery  
  62  5:19  Supply Depot  
  67  5:30  Siege Tank  
  67  5:31  SCV x2  
  72  5:38  Barracks x2  
  72  5:40  Marine x2  
  71  5:43  SCV  
  71  5:46  Engineering Bay  
  69  5:57  SCV x2  
  70  6:06  Supply Depot  
  70  6:07  Supply Depot  
  70  6:09  SCV x2  
  72  6:13  Marine, Siege Tank  
  72  6:14  Viking, Engineering Bay  
  72  6:16  Viking  
  80  6:21  SCV x2  
  81  6:31  Barracks Reactor x2  
  81  6:32  Barracks Tech Lab, Stimpack  
  81  6:34  SCV x2  
  81  6:39  Orbital Command  
  83  6:46  SCV x2  
  83  6:48  Siege Tank, Marauder  
  83  6:49  Viking x2  
  83  6:53  Terran Infantry Weapons Level 1  
  92  6:54  Terran Infantry Armor Level 1  
  92  6:58  SCV x2  
  94  7:03  Marauder  
  94  7:06  SCV  
  97  7:10  SCV x2  
  97  7:12  Marine x2  
  97  7:13  Barracks  
  97  7:14  Barracks, Marauder  
  103  7:18  SCV  
  103  7:22  Supply Depot, SCV  
  105  7:23  Siege Tank  
  105  7:25  Viking  
  105  7:27  Viking  
  111  7:32  Marine  
  111  7:33  Marine  
  111  7:34  Marine x2  
  111  7:38  SCV  
  111  7:40  Missile Turret  
  111  7:42  Refinery  
  111  7:43  Missile Turret  
  112  7:46  SCV x2  
  112  7:49  Starport  
  112  7:50  Supply Depot, Marine  
  115  7:53  SCV  
  115  7:55  Viking  
  115  7:56  Missile Turret  
  115  7:58  Supply Depot, Missile Turret  
  118  7:59  Missile Turret  
  118  8:00  Marine  
  118  8:03  Barracks Reactor x2  
  118  8:05  Marine x2  
  119  8:06  SCV  
  119  8:12  Viking  
  124  8:15  SCV  
  124  8:16  SCV  
  126  8:20  Supply Depot  
  126  8:22  Marine x2  
  126  8:23  Marine x2, Armory, Sensor Tower  
  126  8:26  Viking  
  132  8:30  Refinery  
  132  8:32  Viking  
  134  8:36  Supply Depot  
  134  8:38  Combat Shield  
  134  8:40  Marine x2  
  134  8:41  Marine x2, Marauder  
  137  8:44  Marine, Marauder  
  137  8:48  Supply Depot  
  143  8:50  Marine  
  143  8:51  Viking  
  146  8:58  Marine x2  
  146  9:00  Marine  
  146  9:01  Viking  
  148  9:03  Marauder  
  148  9:06  Marauder  
  148  9:09  Marine  
  153  9:11  Viking  
  153  9:12  Marine  
  156  9:17  Marine x2  
  156  9:19  Cyclone  
  156  9:21  Viking, Marine x2  
  158  9:24  Marauder  
  158  9:27  Marine, Marauder  
  158  9:30  Marine  
  152  9:40  Marine x4  
  148  9:49  Marine x2  
  148  9:50  Command Center, Viking  
  139  9:58  Marine x2  
  139  9:59  Marine x2  
  131  10:02  Viking  
  131  10:05  Marine  
  121  10:11  Marine x2  
  120  10:18  Marine  
  120  10:20  Marine x3  
  115  10:23  Viking  
  106  10:29  Marine x3  
  106  10:31  Viking  
  109  10:47  Marine x6  
  109  10:48  Viking  
  110  11:02  Viking, Marine x2  
  110  11:03  Viking  
  95  11:05  Marine x2  
  95  11:07  Marine x3  
  81  11:11  Marine  
  78  11:19  Marine x2  
  78  11:23  Marine x2  
Show
View Real Time Build Order
Export as new Build Order

RuFF Terran 

Build Orders:  

Get SALT Encoding   

  12  0:00  SCV  
  13  0:13  SCV  
  14  0:17  Supply Depot  
  14  0:25  SCV  
  15  0:39  SCV  
  15  0:41  Barracks  
  16  0:51  SCV  
  17  1:03  SCV  
  18  1:15  Command Center  
  18  1:18  SCV  
  19  1:27  Marine  
  19  1:31  Orbital Command  
  20  1:36  Bunker  
  20  1:45  Marine  
  21  1:51  Supply Depot  
  21  1:58  Supply Depot  
  21  2:03  Marine  
  21  2:07  Refinery  
  22  2:08  Refinery  
  22  2:13  SCV  
  23  2:21  Marine  
  24  2:25  SCV  
  26  2:40  Orbital Command  
  25  2:48  SCV  
  25  2:51  Refinery  
  26  2:53  Refinery  
  26  2:56  Factory  
  26  3:06  SCV  
  26  3:07  SCV  
  26  3:09  Barracks Tech Lab  
  28  3:18  SCV  
  28  3:19  SCV  
  30  3:30  SCV  
  30  3:31  SCV  
  32  3:40  Starport  
  32  3:42  Barracks Tech Lab, SCV  
  32  3:43  SCV  
  32  3:47  Mag-Field Accelerator, Cyclone  
  37  3:54  SCV  
  38  3:55  SCV  
  38  3:58  Supply Depot  
  39  4:06  SCV  
  39  4:08  SCV  
  41  4:19  Cyclone  
  41  4:20  Fusion Core  
  41  4:22  Barracks Tech Lab  
  44  4:24  Raven  
  44  4:28  SCV  
  44  4:29  SCV  
  48  4:40  SCV  
  48  4:41  SCV  
  50  4:54  Starport  
  49  5:19  Supply Depot x2  
  49  5:20  Supply Depot  
  49  5:40  SCV  
  49  5:41  Battlecruiser x2  
  62  6:05  Weapon Refit  
  62  6:08  SCV x2  
  64  6:20  Command Center, SCV x2  
  63  6:34  SCV  
  64  6:44  SCV  
  65  6:52  Supply Depot x2  
  65  7:00  SCV  
  66  7:08  Refinery, Starport  
  66  7:09  Refinery  
  66  7:12  Armory  
  66  7:13  Battlecruiser x2  
  78  7:17  Armory  
  78  7:21  SCV  
  76  7:47  SCV x2  
  76  7:50  SCV  
  76  7:51  Engineering Bay  
  79  7:59  SCV x2  
  79  8:01  Starport Tech Lab  
  79  8:02  Terran Ship Weapons Level 1  
  79  8:04  Terran Vehicle And Ship Armor Level 1  
  82  8:14  Supply Depot  
  82  8:17  Supply Depot  
  82  8:20  Planetary Fortress  
  82  8:22  Missile Turret  
  82  8:24  Neosteel Armor  
  81  8:27  SCV, Missile Turret  
  81  8:32  Missile Turret  
  81  8:33  Missile Turret  
  81  8:34  Missile Turret  
  82  8:44  Battlecruiser  
  82  8:45  SCV  
  82  8:46  SCV  
  87  9:08  Battlecruiser  
  89  9:14  Battlecruiser  
  61  9:39  Orbital Command  
  35  10:31  Viking x2  
  35  10:34  SCV  
  40  10:40  SCV  
  42  10:53  SCV  
  32  11:05  SCV  
Tags
 
Add a new tag
Caveats
  • Supply blocks, unpowered buildings, or Contaminate may cause inaccurate times.
  • Supply counts are checked every 10 seconds.